 Dungeon Crawl Stone Soup version 0.29-a0-919-gd064cfad1c (webtiles) character file.

Game seed: 9089819940266146617

751 Hubris850 the Chopper (level 7, -1/60 HPs)
             Began as a Gnoll Cinder Acolyte on July 26, 2022.
             Was an Elder of Ignis.
             Killed from afar by a steam dragon (5 damage)
             ... with a ball of steam
             ... on level 7 of the Dungeon.
             The game lasted 00:11:24 (3389 turns).

Hubris850 the Chopper (Gnoll Cinder Acolyte)        Turns: 3389, Time: 00:11:25

Health: -1/60      AC:  5    Str: 13    XL:     7   Next: 78%
Magic:  11/13      EV: 10    Int: 22    God:    Ignis [****..]
Gold:   141        SH:  0    Dex:  7    Spells: 11/14 levels left

rFire   + . .      SeeInvis .   a - -1 hand axe (flame)
rCold   . . .      Faith    .   (no shield)
rNeg    . . .      Spirit   .   i - +0 ring mail
rPois   .          Reflect  .   (no helmet)
rElec   .          Harm     .   (no cloak)
rCorr   .          Rampage  .   (no gloves)
Will    .....                   (no boots)
Stlth   +.........              (no amulet)
HPRegen 0.20/turn               k - +6 ring of intelligence
MPRegen 0.13/turn               (no ring)

@: brilliant, rising, flying
A: fangs 1, strong nose, distributed training
a: Renounce Religion, Fiery Armour, Foxfire Swarm


You were on level 7 of the Dungeon.
You worshipped Ignis.
Ignis was greatly pleased with you.
You visited 1 branch of the dungeon, and saw 7 of its levels.

You collected 141 gold pieces.

Inventory:

Hand Weapons
 a - a -1 hand axe of flaming (weapon)
 c - a +0 quarterstaff
 w - a +0 sling
Missiles
 f - 10 poisoned darts
Armour
 b - a +0 robe
 h - a +0 leather armour
 i - a +0 ring mail (worn)
 q - a scarf of shadows
Jewellery
 k - a +6 ring of intelligence (left hand)
Scrolls
 d - 2 scrolls of immolation {unknown}
 e - 2 scrolls of butterflies {unknown}
 j - a scroll of silence {unknown}
 m - a scroll of fear {unknown}
 n - 2 scrolls of identify {unknown}
 p - a scroll of teleportation {unknown}
 r - a scroll of enchant armour {unknown}
 v - a scroll of blinking {unknown}
 x - a scroll of amnesia {unknown}
Potions
 g - a potion of magic
 l - a potion of flight {unknown}
 o - a potion of lignification {unknown}
 s - a potion of degeneration {unknown}
 t - a potion of cancellation {unknown}
 u - a potion of brilliance


   Skills:
 + Level 7.2 Fighting
 + Level 2.8 Short Blades
 + Level 2.8 Long Blades
 + Level 7.2 Axes
 + Level 2.8 Maces & Flails
 + Level 2.8 Polearms
 + Level 2.8 Staves
 + Level 2.8 Ranged Weapons
 + Level 2.8 Throwing
 + Level 2.8 Armour
 + Level 2.8 Dodging
 + Level 2.8 Stealth
 + Level 2.8 Shields
 + Level 2.8 Unarmed Combat
 + Level 4.0 Spellcasting
 + Level 2.3 Conjurations
 + Level 2.3 Hexes
 + Level 2.3 Summonings
 + Level 2.3 Necromancy
 + Level 2.3 Translocations
 + Level 2.3 Transmutations
 + Level 5.9 Fire Magic
 + Level 2.3 Ice Magic
 + Level 2.3 Air Magic
 + Level 2.3 Earth Magic
 + Level 2.3 Poison Magic
 + Level 3.1 Invocations
 + Level 2.8 Evocations


You had 11 spell levels left.
You knew the following spells:

 Your Spells              Type           Power      Damage    Failure   Level
a - Scorch                Fire           92%        2d10      3%          2
b - Sandblast             Erth           42%        2d11      9%          1

Your spell library contained the following spells:

 Spells                   Type           Power      Damage    Failure   Level
 Passwall                 Tmut/Erth      17%        N/A       14%         2
 Static Discharge         Conj/Air       21%        3-6/arc   14%         2
 Stone Arrow              Conj/Erth      42%        3d9       26%         3
 Sticky Flame             Conj/Fire      34%        2d5       38%         4
 Dispel Undead            Necr           21%        3d11      65%         4
 Alistair's Intoxication  Tmut/Pois      14%        N/A       94%         5
 Borgnjor's Vile Clutch   Necr/Erth      10%        N/A       94%         5
 Eringya's Noxious Bog    Tmut/Pois      10%        N/A       100%        6


Dungeon Overview and Level Annotations

Branches:
Dungeon (7/15)
 Temple: D:4-7

Altars:
Ashenzari
Fedhas
Gozag
Qazlal
Xom

Shops:
D:7 [

Annotations:
D:1 1 transporter


Innate Abilities, Weirdness & Mutations

You have very sharp teeth.
Your uncanny sense of smell can sniff out nearby items.
Your experience applies equally to all skills.


Message History

You hear the loud creaking of a portcullis nearby.
The steam dragon closely misses you. The steam dragon claws you.
The steam dragon bites you! The steam dragon claws you.
* * * LOW HITPOINT WARNING * * *
You are too injured to fight recklessly!
Casting: Sandblast (safe; 9% risk of failure)
Confirm with . or Enter, or press ? or * to list all spells.
Flames lash the steam dragon.
The steam dragon is lightly wounded.
The steam dragon's fire resistance burns away.
The steam dragon breathes steam at you. The ball of steam hits you. You resist.
* * * LOW HITPOINT WARNING * * *
You aren't carrying any items that you can evoke.
It was a potion of magic.
Magic courses through your body. The steam dragon closely misses you.
The steam dragon claws you.
* * * LOW HITPOINT WARNING * * *
It was a potion of brilliance.
You feel clever all of a sudden. The steam dragon barely misses you. x2
Casting: Scorch (safe; 3% risk of failure)
Confirm with . or Enter, or press ? or * to list all spells.
You feel a surge of power!
Flames lash the steam dragon.
The steam dragon is burned terribly!
The steam dragon is heavily wounded.
The steam dragon bites you!
* * * LOW HITPOINT WARNING * * *
The steam dragon claws you.
* * * LOW HITPOINT WARNING * * *
You begin to rise into the air.
The steam dragon bites you.
* * * LOW HITPOINT WARNING * * *
The steam dragon misses you.
Casting: Scorch (safe; 3% risk of failure)
Confirm with . or Enter, or press ? or * to list all spells.
You feel a surge of power!
Flames lash the steam dragon.
The steam dragon is burned terribly!
The steam dragon is almost dead.
The steam dragon breathes steam at you. The ball of steam hits you. You resist.
You die...

#...# #.# #...#
#.# #...# #.#
#..D# #.# (...#
#.# ###..# #.#
.... #.# # #D#####
#. #@#...# ##.###
#.#.#.# . ..#
#.#.#.# #.#.#
#.#.#.#
#####.#.####.#.#.#
.............#.#.#
#####.#.######.#.#
# #.#......#.# #
#.#.#.######.#


You could see a steam dragon (catching breath, combustible).

Vanquished Creatures
  2 vampire mosquitoes (D:6)
  A water moccasin (D:6)
  A phantom (D:6)
  A scorpion (D:5)
  An orc priest (D:4)
  An iguana (D:4)
  Natasha (D:2)
  4 adders
  7 gnolls
  2 white imps
  A dart slug (D:3)
  12 orcs
  2 ball pythons
  An endoplasm (D:4)
  4 giant cockroaches
  3 goblins
  3 hobgoblins
  2 jackals (D:3)
  A quokka (D:3)
  A bat (D:3)
  2 frilled lizards
  5 kobolds
  3 rats
61 creatures vanquished.

Vanquished Creatures (others)
  5 dream sheep (D:3)
  36 foxfires (D:6)
41 creatures vanquished.

Grand Total: 102 creatures vanquished

Notes
Turn   | Place    | Note
-------+----------+-------------------------------------------
     0 | D:1      | Hubris850 the Gnoll Cinder Acolyte began the quest for the
                  | Orb.
     0 | D:1      | Reached XP level 1. HP: 23/23 MP: 4/4
   382 | D:2      | Noticed Natasha
   386 | D:2      | Noticed a crimson imp
   389 | D:2      | Killed Natasha
   390 | D:2      | Reached XP level 2. HP: 29/29 MP: 5/5
   390 | D:2      | Reached XP level 3. HP: 35/35 MP: 7/7
   432 | D:2      | Reached skill level 1 in Invocations
   441 | D:2      | Reached skill level 1 in Short Blades
   441 | D:2      | Reached skill level 1 in Long Blades
   441 | D:2      | Reached skill level 1 in Maces & Flails
   441 | D:2      | Reached skill level 1 in Polearms
   441 | D:2      | Reached skill level 1 in Staves
   441 | D:2      | Reached skill level 1 in Ranged Weapons
   441 | D:2      | Reached skill level 1 in Throwing
   441 | D:2      | Reached skill level 1 in Armour
   441 | D:2      | Reached skill level 1 in Dodging
   441 | D:2      | Reached skill level 1 in Stealth
   441 | D:2      | Reached skill level 1 in Shields
   441 | D:2      | Reached skill level 1 in Unarmed Combat
   441 | D:2      | Reached skill level 1 in Evocations
   441 | D:2      | Reached XP level 4. HP: 22/41 MP: 8/8
   736 | D:2      | Reached skill level 1 in Conjurations
   736 | D:2      | Reached skill level 1 in Hexes
   736 | D:2      | Reached skill level 1 in Summonings
   736 | D:2      | Reached skill level 1 in Necromancy
   736 | D:2      | Reached skill level 1 in Translocations
   736 | D:2      | Reached skill level 1 in Transmutations
   736 | D:2      | Reached skill level 1 in Ice Magic
   736 | D:2      | Reached skill level 1 in Air Magic
   736 | D:2      | Reached skill level 1 in Earth Magic
   736 | D:2      | Reached skill level 1 in Poison Magic
   805 | D:3      | Learned a level 2 spell: Scorch
   821 | D:3      | Noticed a dream sheep
   821 | D:3      | Noticed a dream sheep
   821 | D:3      | Noticed a dream sheep
   821 | D:3      | Noticed a dream sheep
   821 | D:3      | Noticed a dream sheep
   821 | D:3      | Found a shimmering altar of Xom.
   825 | D:3      | Killed a dream sheep
   825 | D:3      | Killed a dream sheep
   825 | D:3      | Killed a dream sheep
   825 | D:3      | Killed a dream sheep
   826 | D:3      | Killed a dream sheep
  1046 | D:3      | Found an opulent altar of Gozag.
  1227 | D:3      | Reached XP level 5. HP: 41/47 MP: 9/9
  1482 | D:4      | Found a broken altar of Ashenzari.
  1526 | D:4      | Reached XP level 6. HP: 23/53 MP: 9/11
  1858 | D:4      | Learned a level 1 spell: Sandblast
  2074 | D:5      | Entered Level 5 of the Dungeon
  2074 | D:5      | Found a blossoming altar of Fedhas.
  2079 | D:5      | Found a stormy altar of Qazlal.
  2485 | D:6      | Noticed a water moccasin
  2491 | D:6      | Killed a water moccasin
  2652 | D:6      | Reached XP level 7. HP: 60/60 MP: 6/12
  2829 | D:7      | Noticed a vampire mosquito
  2830 | D:7      | Found Aroec's Armour Shop.
  2830 | D:7      | Noticed a vampire mosquito
  2843 | D:6      | Killed a vampire mosquito
  3051 | D:6      | Killed a vampire mosquito
  3353 | D:7      | Noticed a steam dragon
  3388 | D:7      | HP: 3/60 [steam dragon (2)]
  3389 | D:7      | Killed from afar by a steam dragon

Illustrated notes

Levels and vault maps discovered:
D:1:      spicycebolla_arrival_risky_transporter, layout_basic,
          hellmonk_ecumenical_altar_crossroads
D:2:      layout_basic, uniq_natasha
D:3:      layout_loops_corners, nicolae_gozag_cash_rules_everything_around_me,
          kb_xom_exploding_sheep, minmay_lizard_king
D:4:      cheibrodos_old_hovel, layout_loops_corners,
          ashenzari_conservatory_becter, grunt_temple_overflow_bloody_war
D:5:      layout_basic, grunt_temple_overflow_forces_of_nature
D:6:      minmay_klotski, layout_loops_ring, mainiacjoe_overflow_alcove_1,
          minmay_temple_entry_waves, serial_bayou_ford_a, minmay_misc_feat_tiny,
          uniq_duvessa
D:7:      layout_basic, nicolae_vehumet_altar_sigil,
          nicolae_hepliaklqana_hazy_memory, lightli_temple_of_fire,
          enter_bailey_2, serial_shops, shop, uniq_menkaure

Skill      XL: |  1  2  3  4  5  6  7 |
---------------+----------------------+-----
Invocations    | 1 2 3 |  3.1
Short Blades   | 1 2 |  2.8
Long Blades    | 1 2 |  2.8
Maces & Flails | 1 2 |  2.8
Polearms       | 1 2 |  2.8
Staves         | 1 2 |  2.8
Ranged Weapons | 1 2 |  2.8
Throwing       | 1 2 |  2.8
Armour         | 1 2 |  2.8
Dodging        | 1 2 |  2.8
Stealth        | 1 2 |  2.8
Shields        | 1 2 |  2.8
Unarmed Combat | 1 2 |  2.8
Spellcasting   | 3 4 |  4.0
Evocations     | 1 2 |  2.8
Conjurations   | 1 2 |  2.3
Hexes          | 1 2 |  2.3
Summonings     | 1 2 |  2.3
Necromancy     | 1 2 |  2.3
Translocations | 1 2 |  2.3
Transmutations | 1 2 |  2.3
Ice Magic      | 1 2 |  2.3
Air Magic      | 1 2 |  2.3
Earth Magic    | 1 2 |  2.3
Poison Magic   | 1 2 |  2.3
Fighting       | 7 |  7.2
Axes           | 7 |  7.2
Fire Magic     | |  5.9

Action                   |  1- 3 |  4- 6 |  7- 9 || total
-------------------------+-------+-------+-------++-------
Melee: Hand axe          |    22 |   124 |    20 ||   166
       Quarterstaff      |     3 |       |       ||     3
       Bite              |       |     6 |     3 ||     9
       Punch             |       |     2 |       ||     2
Throw: Dart              |     2 |       |       ||     2
 Cast: Sandblast         |       |    20 |     4 ||    24
       Scorch            |       |     6 |     8 ||    14
Invok: Fiery Armour      |       |     1 |       ||     1
       Foxfire Swarm     |       |       |     2 ||     2
       Rising Flame      |       |       |     1 ||     1
  Use: Potion            |     2 |     2 |     2 ||     6
Armor: Robe              |     1 |       |       ||     1
       Leather armour    |     2 |       |       ||     2
       Ring mail         |       |    56 |    10 ||    66
Dodge: Dodged            |    13 |    71 |    15 ||    99

Table legend: (Time is in decaauts)
 A = Elapsed time spent in this place.
 B = Non-inter-level travel time spent in this place.
 C = Inter-level travel time spent in this place.
 D = Time resting spent in this place.
 E = Time spent auto-exploring this place.
 F = Levels seen in this place.
 G = Mean time per level.
                   A        B        C        D        E       F      G
               +--------+--------+--------+--------+--------+-----+--------+
         Total |   3408 |   3408 |      0 |   1440 |    963 |   7 |  486.9 |
       Dungeon |   3408 |   3408 |      0 |   1440 |    963 |   7 |  486.9 |
               +--------+--------+--------+--------+--------+-----+--------+

Top non-repeatable levels by time:
     D:4: 807 daAuts
     D:5: 562 daAuts
     D:6: 550 daAuts
     D:3: 507 daAuts
     D:1: 381 daAuts
     D:2: 373 daAuts
     D:7: 226 daAuts
